 Dungeon Crawl Stone Soup version 0.30.0 (webtiles) character file.

Game seed: 17495988559630987627

218 mmatney95 the Shooter (level 6, -2/47 HPs)
             Began as a Formicid Hunter on Aug 23, 2023.
             Was an Initiate of Dithmenos.
             Killed by divine providence
             ... invoked by an orc priest
              (14 damage)
             ... on level 4 of the Dungeon.
             The game lasted 00:18:42 (3468 turns).

mmatney95 the Shooter (Formicid Hunter)             Turns: 3468, Time: 00:18:44

Health: -2/47      AC:  5    Str: 15    XL:     6   Next: 17%
Magic:  0/6        EV: 12    Int:  9    God:    Dithmenos [......]
Gold:   225        SH:  0    Dex: 23    Spells: 5/5 levels left

rFire   . . .        A - +0 dagger (heavy)
rCold   . . .        (no shield)
rNeg    . . .        f - +0 ring mail
rPois   .            (helmet unavailable)
rElec   .            (no cloak)
rCorr   .            (no gloves)
SInv    +            (no boots)
Will    .....        D - amulet of guardian spirit
Stlth   ++           k - +6 ring of dexterity
HPRegen 0.27/turn    (no ring)
MPRegen 0.10/turn

%: clarity, guardian spirit
@: unable to read
A: permanent stasis, dig shafts and tunnels, antennae 3, four strong arms,
clarity, sense surroundings 1, weak 1, inability to read after injury 1
a: Dig, Shaft Self, Renounce Religion


You were on level 4 of the Dungeon.
You worshipped Dithmenos.
Dithmenos was noncommittal.
You visited 2 branches of the dungeon, and saw 5 of its levels.

You collected 225 gold pieces.

Inventory:

Hand Weapons
 a - a +0 shortbow
 d - a +0 dagger
 i - a +0 whip
 n - a +0 sling
 o - a +0 short sword
 p - a +0 hand axe
 A - a +0 heavy dagger (weapon)
Missiles
 v - 6 poisoned darts
 y - 16 stones
Armour
 c - a +0 leather armour
 f - a +0 ring mail (worn)
 j - a +0 leather armour
 m - a +0 chain mail
 B - a +0 helmet
Jewellery
 k - a +6 ring of dexterity (left hand)
 x - an amulet of regeneration
 D - an amulet of guardian spirit (around neck)
Scrolls
 b - a scroll of immolation
 e - a scroll of fog {unknown}
 g - a scroll of summoning {unknown}
 h - 5 scrolls of identify {unknown}
 l - a scroll of enchant armour {unknown}
 r - 2 scrolls of torment {unknown}
 t - a scroll of amnesia {unknown}
 u - 3 scrolls of teleportation {unknown}
 z - a scroll of blinking {unknown}
 E - a scroll of fear {unknown}
Potions
 q - 2 potions of curing {unknown}
 s - a potion of haste
 w - a potion of brilliance {unknown}


   Skills:
 + Level 3.0 Fighting
 + Level 2.2 Short Blades
 + Level 1.1 Maces & Flails
 + Level 4.4 Ranged Weapons
 + Level 2.7 Armour
 + Level 2.8 Dodging
 + Level 1.6 Stealth
 + Level 0.6 Shields


You had 5 spell levels left.
You didn't know any spells.
Your spell library contained the following spells:

 Spells                   Type           Power      Damage    Failure   Level
 Frozen Ramparts          Ice            0%         1d1       93%         3
 Ice Form                 Ice/Tmut       0%         N/A       100%        4
 Summon Ice Beast         Ice/Summ       0%         N/A       100%        4


Dungeon Overview and Level Annotations

Branches:
Dungeon (4/15)             Temple (1/1) D:4

Altars:
Dithmenos
Elyvilon
Fedhas
Gozag
Kikubaaqudgha
Nemelex Xobeh
Qazlal
Ru
Sif Muna
Trog
Wu Jian
Yredelemnul
The Shining One


Innate Abilities, Weirdness & Mutations

You cannot be hasted, slowed, berserked, paralysed or teleported.
You can dig through walls and to a lower floor.
You have a pair of large antennae on your head. (SInv)
Your four strong arms can wield two-handed weapons with a shield.
You possess an exceptional clarity of mind.
You passively map a small area around you.
You are weak. (Str -2)
You occasionally lose the ability to read scrolls when taking damage.


Message History

The orc closely misses you. The orc hits you with a +0 dagger.
* * * LOW HITPOINT WARNING * * *
You hit the orc but do no damage. The orc hits you with a +0 dagger.
* * * LOW HITPOINT WARNING * * *
You puncture the orc!
You kill the orc!
Dithmenos accepts your kill.
You can read scrolls again.
You feel much better. The orc closely misses you.
You barely miss the orc.
The orc priest miscasts a cantrip.
The orc barely misses you. The orc hits you with a +0 flail.
You barely miss the orc. The orc hits you but does no damage.
You puncture the orc!
You kill the orc!
Dithmenos accepts your kill.
The orc priest invokes the aid of Beogh against you.
Beogh smites you!
You feel threatened and lose the ability to read scrolls!
The orc priest casts a cantrip, but nothing happens.
The orc priest barely misses you.
You puncture the orc priest!
The orc priest is heavily wounded.
The orc priest misses you.
The orc priest miscasts a cantrip.
You hit the orc priest.
The orc priest is severely wounded.
The orc priest hits you with a +0 club.
* * * LOW HITPOINT WARNING * * *
You hit the orc priest.
The orc priest is almost dead.
You can read scrolls again.
The orc priest looks braver for a moment.
You hit the orc priest.
You kill the orc priest!
Dithmenos accepts your kill.
The orc priest calls down the wrath of Beogh upon you.
Beogh smites you!
You feel threatened and lose the ability to read scrolls!
You die...

#...# #..........#....##...
###.# #..........#.......>.
* * #.#
#..........#....##... { *
#.# ##.........#.##..##.# ,
* #.# #.........#..##..#.#
#o# #####+###.....##.... #
#.#........#.... ,
#.#########...............
,
##.....oo)@.........#.#....
#......)######.#..#...#.###
#.......# #.#..#...#.#
#......o# #.#..#.#.#.#*
#.......# #.#....#.#.#,, ,
#.......# #.##.####### ,
#........, ,#....# , ,
#........{ ###### *
#......#.. , *


You could see an orc priest and an orc.

Vanquished Creatures
  An orc priest (D:4)
  An iguana (D:4)
  Robin (D:3)
  5 adders
  5 worms
  5 dart slugs
  5 orcs
  7 endoplasms
  3 giant cockroaches
  14 goblins
  13 hobgoblins
  11 jackals
  5 kobolds
  4 quokkas
  4 ball pythons
  7 bats
  3 frilled lizards
  4 rats
98 creatures vanquished.

Vanquished Creatures (others)
  3 fungi (D:4)
3 creatures vanquished.

Grand Total: 101 creatures vanquished

Notes
Turn   | Place    | Note
-------+----------+-------------------------------------------
     0 | D:1      | mmatney95 the Formicid Hunter began the quest for the Orb.
     0 | D:1      | Reached XP level 1. HP: 16/16 MP: 1/1
   208 | D:1      | Reached XP level 2. HP: 21/22 MP: 2/2
   491 | D:1      | Reached XP level 3. HP: 20/28 MP: 3/3
  1353 | D:1      | You fall into a shaft and drop 1 floor!
  1353 | D:2      | Found a stormy altar of Qazlal.
  1363 | D:2      | Reached skill level 1 in Short Blades
  1384 | D:2      | Gained mutation: You have large cloven feet. [potion of
                  | mutation]
  1384 | D:2      | Gained mutation: You have hoof-like feet. [potion of
                  | mutation]
  1384 | D:2      | Gained mutation: You possess an exceptional clarity of
                  | mind. [potion of mutation]
  1387 | D:2      | Reached skill level 1 in Maces & Flails
  1514 | D:2      | Reached XP level 4. HP: 22/33 MP: 4/4
  1515 | D:2      | Became a worshipper of Qazlal Stormbringer
  1574 | D:2      | Reached skill level 1 in Armour
  2206 | D:3      | Reached * piety under Qazlal
  2212 | D:3      | Reached XP level 5. HP: 37/39 MP: 5/5
  2226 | D:3      | Lost mutation: You possess an exceptional clarity of mind.
                  | [potion of mutation]
  2226 | D:3      | Lost mutation: You have hoof-like feet. [potion of
                  | mutation]
  2226 | D:3      | Lost mutation: You have large cloven feet. [potion of
                  | mutation]
  2226 | D:3      | Gained mutation: You passively map a small area around you.
                  | [potion of mutation]
  2226 | D:3      | Gained mutation: You possess an exceptional clarity of
                  | mind. [potion of mutation]
  2226 | D:3      | Gained mutation: Your magical capacity is low. (-10% MP)
                  | [potion of mutation]
  2226 | D:3      | Gained mutation: You are robust. (+10% HP) [potion of
                  | mutation]
  2346 | D:3      | Found a blossoming altar of Fedhas.
  2385 | D:3      | Noticed Robin
  2454 | D:3      | Killed Robin
  2619 | D:3      | Lost mutation: Your magical capacity is low. (-10% MP)
                  | [potion of mutation]
  2619 | D:3      | Lost mutation: You are robust. (+10% HP) [potion of
                  | mutation]
  2619 | D:3      | Gained mutation: You are weak. (Str -2) [potion of
                  | mutation]
  2619 | D:3      | Gained mutation: You occasionally lose the ability to read
                  | scrolls when taking damage. [potion of mutation]
  2959 | D:3      | Found a bloodstained altar of Trog.
  3054 | D:4      | Reached XP level 6. HP: 16/47 MP: 6/6
  3090 | D:4      | Found a staircase to the Ecumenical Temple.
  3146 | Temple   | Entered the Ecumenical Temple
  3173 | Temple   | Fell from the grace of Qazlal
  3173 | Temple   | Became a worshipper of Dithmenos the Shadowed
  3468 | D:4      | Killed from afar by an orc priest

Illustrated notes

Levels and vault maps discovered:
D:1:      matt_arrival_refuge, layout_basic, minmay_parallelograms,
          lemuel_flame_loot_1
D:2:      layout_rooms, basic_altar
D:3:      layout_rooms, lightli_temple_of_fire, lemuel_crystal_altar, uniq_robin
D:4:      layout_basic, minmay_temple_entry_waves, serial_aquarium,
          aquarium_bridge_straight [aquarium_subvault_bridge,
          aquarium_subvault_wall, aquarium_subvault_bridge,
          aquarium_subvault_window], aquarium_window_corridor_2,
          aquarium_window_1, aquarium_window_fake, aquarium_view_2d,
          aquarium_view_2d, uniq_menkaure
Temple:   chequers_temple_sunken

Skill      XL: |  1  2  3  4  5 |
---------------+----------------+-----
Dodging        | 2 |  2.8
Short Blades   | 1 2 |  2.2
Maces & Flails | 1 |  1.1
Armour         | 2 |  2.7
Fighting       | 3 |  3.0
Ranged Weapons | |  4.4
Stealth        | |  1.6
Shields        | |  0.6

Action                     |  1- 3 |  4- 6 || total
---------------------------+-------+-------++-------
  Melee: Dagger            |    75 |    86 ||   161
         Punch             |     2 |     3 ||     5
         Whip              |    50 |       ||    50
         Short sword       |    59 |   110 ||   169
         Kick              |     5 |    22 ||    27
   Fire: Shortbow          |     1 |       ||     1
Ability: Dig               |     4 |     2 ||     6
    Use: Potion            |     2 |     4 ||     6
         Scroll            |       |     2 ||     2
   Stab: Sleeping          |     2 |     2 ||     4
 Armour: Leather armour    |     2 |       ||     2
         Ring mail         |    70 |    54 ||   124
  Dodge: Dodged            |   144 |   155 ||   299
  Block: Other             |       |     3 ||     3
